 Dungeon Crawl Stone Soup version 0.29.1-12-g30fa7ad0bf (webtiles) character file.

Game seed: 14747125388932413164

156 shoemetal68 the Ruffian (level 5, -1/52 HPs)
             Began as a Troll Berserker on Dec 16, 2022.
             Was a Believer of Trog.
             Killed from afar by an electric eel (10 damage)
             ... with a bolt of electricity
             ... on level 3 of the Dungeon.
             The game lasted 00:16:11 (2070 turns).

shoemetal68 the Ruffian (Troll Berserker)           Turns: 2070, Time: 00:16:12

Health: -1/52      AC:  6    Str: 25    XL:     5   Next: 15%
Magic:  4/4        EV: 10    Int:  3    God:    Trog [**....]
Gold:   83         SH:  0    Dex: 11    Spells: 4/4 levels left

rFire   + . .      SeeInvis .     - Unarmed
rCold   . . .      Faith    .   (no shield)
rNeg    . . .      Spirit   .   a - +2 animal skin
rPois   .          Reflect  .   (helmet restricted)
rElec   .          Harm     .   (no cloak)
rCorr   .          Rampage  .   (gloves unavailable)
Will    .....                   (boots unavailable)
Stlth   +.........              (no amulet)
HPRegen 0.97/turn               o - ring of protection from fire
MPRegen 0.09/turn               (no ring)

@: no status effects
A: large, unfitting armour, claws 3, regeneration 1, shaggy fur 1, tough skin 1
a: Renounce Religion, Berserk, Trog's Hand


You were on level 3 of the Dungeon.
You worshipped Trog.
Trog was pleased with you.
You visited 1 branch of the dungeon, and saw 3 of its levels.

You collected 83 gold pieces.

Inventory:

Missiles
 b - 11 stones (quivered)
Armour
 a - a +2 animal skin (worn)
Jewellery
 o - a ring of protection from fire (left claw)
Wands
 h - a wand of flame (17)
Scrolls
 d - a scroll of summoning {unknown}
Potions
 c - a potion of heal wounds {unknown}
 e - 2 potions of brilliance {unknown}
 f - a potion of mutation {unknown}
 g - 2 potions of curing {unknown}
 l - a potion of haste {unknown}
 m - 2 potions of degeneration {unknown}


   Skills:
 + Level 2.9 Fighting
 + Level 0.4 Throwing
 + Level 3.3 Dodging
 + Level 0.1 Stealth
 + Level 4.5 Unarmed Combat


You had 4 spell levels left.
You didn't know any spells.
Your spell library contained the following spells:

 Spells                   Type           Power      Damage    Failure   Level
 Beastly Appendage        Tmut           0%         N/A       52%         1
 Sting                    Tmut/Pois      0%         1d3       52%         1
 Poisonous Vapours        Pois/Air       0%         N/A       67%         2
 Wereblood                Tmut           0%         N/A       67%         2
 Portal Projectile        Hex/Tloc       0%         N/A       88%         3
 Spider Form              Tmut/Pois      0%         N/A       88%         3
 Tukima's Dance           Hex            0%         N/A       88%         3
 Olgreb's Toxic Radiance  Pois           0%         N/A       99%         4
 Blade Hands              Tmut           0%         N/A       100%        5


Dungeon Overview and Level Annotations

Branches:
Dungeon (3/15)

Altars:

Shops:
D:1 (

Annotations:
D:3 1 transporter


Innate Abilities, Weirdness & Mutations

You are too large for most types of armour.
You have claws for hands.
Your natural rate of healing is unusually fast.
You are covered in fur. (AC +1)
You have tough skin. (AC +1)


Message History

A giant cockroach comes into view.
There is an open door here.
You see here a scroll labelled QEOTZETSESHO.
The giant cockroach bites you but does no damage.
You barely miss the giant cockroach. The giant cockroach bites you.
You barely miss the giant cockroach. The giant cockroach bites you.
You scratch the giant cockroach.
You kill the giant cockroach!
Trog accepts your kill.
d - a scroll labelled QEOTZETSESHO You open the door.
There is an open door here.
There is an open door here.
Found a transporter.
Found 10 gold pieces.
There is a transporter landing site here.
Found a leather armour.
Found a wand of flame (17).
You see here a +0 leather armour.
Found a transporter.
There is a transporter here.
You enter the transporter and appear at another place.
h - a wand of flame (17) As you open the door, it creaks loudly!
The electric eel shoots out a bolt of lightning at you!
The bolt of electricity misses you.
The electric eel shoots out a bolt of lightning at you!
The bolt of electricity hits you. The bolt of electricity hits you!
The electric eel shoots out a bolt of lightning at you!
The bolt of electricity misses you. x2; The bolt of electricity hits the plant!
The plant begins to die.
There is an open door here.
The electric eel shoots out a bolt of lightning at you!
The bolt of electricity misses you. The bolt of electricity hits you!
The electric eel shoots out a bolt of lightning at you!
The bolt of electricity hits you! x2
* * * LOW HITPOINT WARNING * * *
The electric eel shoots out a bolt of lightning at you!
The bolt of electricity hits you!
You die...

.......# #.#P.$.P#.#
###.##.####.###+###.#
###.##....#.#~...~#.#
..#.##....#.#~...~#.#
..#+##....#.#~...~#.#
..........#.#~.⌠.~#[#
.........##.#~...~#.#
.........##.#~...S#.#
.........##.#~..@S#.#
.........##.###'###.#
+#.......##.#P...P#.#
...#...####.#8.©.8#.#
#....#.# #.#######.#
##.#.#.# #....©....#
####...#### ##.##
...#


You could see 2 electric eels.

Vanquished Creatures
  An orc priest (D:3)
  An orc wizard (D:3)
  A gnoll (D:1)
  2 adders
  A worm (D:2)
  2 dart slugs (D:1)
  2 orcs (D:3)
  6 ball pythons
  3 bats
  5 endoplasms
  3 giant cockroaches (D:3)
  6 goblins
  4 hobgoblins
  7 jackals
  3 quokkas
  4 frilled lizards
  5 kobolds
  3 rats
  4 bushes (D:1)
63 creatures vanquished.

Vanquished Creatures (others)
  10 plants (D:1)
10 creatures vanquished.

Grand Total: 73 creatures vanquished

Notes
Turn   | Place    | Note
-------+----------+-------------------------------------------
     0 | D:1      | shoemetal68 the Troll Berserker began the quest for the
                  | Orb.
     0 | D:1      | Reached XP level 1. HP: 22/22 MP: 0/0
    58 | D:1      | Reached XP level 2. HP: 29/29 MP: 1/1
   236 | D:1      | Reached XP level 3. HP: 36/36 MP: 2/2
   380 | D:1      | Found Unoneoneg's Antique Weapon Shop.
   809 | D:2      | Reached ** piety under Trog
  1315 | D:2      | Reached XP level 4. HP: 44/44 MP: 3/3
  1614 | D:3      | Reached skill level 4 in Unarmed Combat
  1621 | D:3      | Reached XP level 5. HP: 52/52 MP: 4/4
  1815 | D:3      | Found a faded altar of an unknown god.
  2031 | D:3      | Found a transporter.
  2050 | D:3      | Found a transporter.
  2070 | D:3      | Killed from afar by an electric eel

Illustrated notes

Levels and vault maps discovered:
D:1:      mrwooster_arrival_statue_2, layout_rooms, serial_shops,
          nicolae_shop_statue_plus, minmay_hedge_maze, serial_bayou_lagoon_a
D:2:      layout_loops_ring
D:3:      gammafunk_steamed_eel, layout_basic,
          hellmonk_ecumenical_altar_arch_garden

Skill      XL: |  1  2  3  4 |
---------------+-------------+-----
Dodging        | 3 |  3.3
Unarmed Combat | 4 |  4.5
Fighting       | |  2.9
Throwing       | |  0.4
Stealth        | |  0.1

Action                   |  1- 3 |  4- 6 || total
-------------------------+-------+-------++-------
Melee: Unarmed           |   288 |    49 ||   337
       Punch             |     9 |       ||     9
Throw: Stone             |     4 |       ||     4
  Use: Scroll            |       |     7 ||     7
Armor: Animal skin       |    50 |    28 ||    78
Dodge: Dodged            |    85 |    37 ||   122
